 Dungeon Crawl Stone Soup version 0.29-a0-243-g602b31c20e (webtiles) character file.

Game seed: 573485467894826968

259 siradein the Caller (level 6, -7/41 HPs)
             Began as a Merfolk Summoner on Mar 4, 2022.
             Mangled by an orc
             ... wielding a +0 flail
              (9 damage)
             ... on level 3 of the Dungeon.
             The game lasted 00:06:12 (5196 turns).

siradein the Caller (Merfolk Summoner)              Turns: 5196, Time: 00:06:13

Health: -7/41      AC:  2    Str:  9    XL:     6   Next: 17%
Magic:  8/10       EV: 14    Int: 16    God:
Gold:   98         SH:  0    Dex: 14    Spells: 1/11 levels left

rFire   . . .      SeeInvis .   d - +2 spear (flame)
rCold   . . .      Faith    .   (no shield)
rNeg    . . .      Spirit   .   a - +0 robe
rPois   .          Reflect  .   (no helmet)
rElec   .          Harm     .   (no cloak)
rCorr   .          Rampage  .   (no gloves)
Will    .....                   (no boots)
Stlth   ++........              (no amulet)
HPRegen 0.13/turn               (no ring)
MPRegen 0.12/turn               (no ring)

@: lethally poisoned (-7 -> -13)
A: (nimble swimmer 2), mertail
a: no special abilities


You were on level 3 of the Dungeon.
You visited 1 branch of the dungeon, and saw 4 of its levels.

You collected 98 gold pieces.

Inventory:

Hand Weapons
 d - a +2 spear of flaming (weapon)
Armour
 a - a +0 robe (worn)
Jewellery
 n - a ring of fire
Wands
 k - a wand of flame (18)
Scrolls
 b - a scroll of identify {unknown}
 c - 2 scrolls of teleportation {unknown}
 g - a scroll of noise {unknown}
 h - a scroll of blinking {unknown}
 i - a scroll of enchant weapon {unknown}
 l - 2 scrolls of fear {unknown}
Potions
 e - a potion of berserk rage {unknown}
 f - a potion of curing {unknown}
 j - a potion of heal wounds {unknown}
 m - a potion of attraction {unknown}


   Skills:
 + Level 3.6 Polearms
 + Level 4.7 Dodging
 - Level 2.1 Stealth
 + Level 3.3 Spellcasting
 + Level 4.9 Summonings


You had one spell level left.
You knew the following spells:

 Your Spells              Type           Power      Damage    Failure   Level
a - Summon Small Mammal   Summ           72%        N/A       2%          1
b - Call Imp              Summ           18%        N/A       3%          2
c - Call Canine Familiar  Summ           18%        N/A       7%          3
d - Summon Lightning Spi  Summ/Air       10%        N/A       54%         4

Your spell library contained the following spells:

 Spells                   Type           Power      Damage    Failure   Level
 Summon Guardian Golem    Hex/Summ       10%        N/A       21%         3


Dungeon Overview and Level Annotations

Branches:
Dungeon (4/15)
 Temple: D:4-7

Altars:
Kikubaaqudgha

Annotations:
D:3 2 transporters, igorguim's ghost, weakling DsGl


Innate Abilities, Weirdness & Mutations

((You are very nimble when in or above water. (Stealth+, EV+, Speed+++)))
Your lower body shifts to a powerful aquatic tail in water.


Message History

The killer bee stings you but does no damage.
The endoplasm closely misses you.
You climb upwards.
Level annotation: 2 transporters, igorguim's ghost, weakling DsGl You feel very sick.
There is a stone staircase leading down here.
A beastly little devil appears in a puff of frigid air.
You feel sick. The killer bee stings you. The orc misses you.
The killer bee closely misses you.
The endoplasm hits you but does no damage.
You miss the killer bee.
You feel sick. The killer bee stings you. The orc hits you but does no damage.
The endoplasm freezes you.
You are frozen.
The killer bee stings you but does no damage.
Unknown command.
You are too injured to fight recklessly!
Unknown command.
You barely miss the killer bee.
You feel sick. The killer bee barely misses you.
Your white imp hits the killer bee.
Your white imp freezes the killer bee.
The orc closely misses you. The endoplasm freezes you.
You are frozen.
The killer bee stings you.
You are more poisoned.
The killer bee poisons you!
You barely miss the killer bee.
The killer bee is moderately wounded.
You feel sick. The killer bee barely misses you.
Your white imp closely misses the killer bee.
The orc barely misses you. The endoplasm freezes you.
You are frozen.
* * * LOW HITPOINT WARNING * * *
You hit the killer bee. You burn the killer bee.
The killer bee is heavily wounded.
* * * LOW HITPOINT WARNING * * *
You feel sick. The killer bee barely misses you. The killer bee stings you.
* * * LOW HITPOINT WARNING * * *
Your white imp misses the killer bee.
The orc hits you with a +0 flail!
You die...

........#.#..#.#©.####.....###
.###....#..##..#..# ##...##
.###....#.[##..#..######.##
........#.#..#.#.........#
.......##....WO#..########
######## #######..# #.###5.#
#.# #yo# #####(###@J#
########.........)#
.........###.....## ##########
#######


You could see a killer bee (ally target), an orc, an endoplasm and a friendly
white imp (summoned).

Vanquished Creatures
  A phantom (D:3)
  An orc priest (D:3)
  3 adders
  4 worms
  4 dart slugs
  7 orcs (D:3)
  6 bats
  6 endoplasms
  2 giant cockroaches
  3 goblins
  2 hobgoblins
  4 quokkas
  5 ball pythons
  4 frilled lizards
  2 kobolds
  9 rats
63 creatures vanquished.

Vanquished Creatures (collateral kills)
  An adder (D:2)
  A gnoll (D:1)
  A dart slug (D:2)
  2 orcs (D:3)
  A ball python (D:2)
  A bat (D:1)
  An endoplasm (D:1)
  2 giant cockroaches (D:1)
  3 quokkas
  3 kobolds
  2 rats
18 creatures vanquished.

Grand Total: 81 creatures vanquished

Notes
Turn   | Place    | Note
-------+----------+-------------------------------------------
     0 | D:1      | siradein the Merfolk Summoner began the quest for the Orb.
     0 | D:1      | Reached XP level 1. HP: 13/13 MP: 3/3
   679 | D:1      | Reached XP level 2. HP: 17/19 MP: 5/5
   839 | D:1      | Learned a level 2 spell: Call Imp
  1042 | D:1      | Reached skill level 1 in Polearms
  1107 | D:1      | Reached XP level 3. HP: 24/24 MP: 1/6
  1112 | D:1      | Learned a level 3 spell: Call Canine Familiar
  1544 | D:1      | Found a faded altar of an unknown god.
  1924 | D:2      | Reached XP level 4. HP: 24/30 MP: 4/7
  2994 | D:3      | Noticed a phantom
  3006 | D:3      | Killed a phantom
  3007 | D:3      | Reached XP level 5. HP: 18/35 MP: 9/9
  3943 | D:3      | Reached XP level 6. HP: 37/41 MP: 7/10
  4193 | D:3      | Noticed igorguim's ghost (weakling DsGl)
  4194 | D:3      | Found a transporter.
  4199 | D:3      | Found a transporter.
  4373 | D:3      | Found an ancient bone altar of Kikubaaqudgha.
  4906 | D:3      | Learned a level 4 spell: Summon Lightning Spire
  5018 | D:4      | Noticed a steam dragon
  5196 | D:3      | HP: 2/41 [killer bee (6)]
  5196 | D:3      | Mangled by an orc

Illustrated notes

Levels and vault maps discovered:
D:1:      amcnicky_arrival_flooded_fountain, layout_loops_corners,
          shapermc_ecumenical_altar_notcrosses
D:2:      layout_basic
D:3:      layout_loops_ring, marbit_many_paths, gammafunk_ghost_smash
D:4:      layout_gridville, nzn_hepliaklqana_mist_gate, kennysheep_mini,
          mainiacjoe_overflow_concentric_impassable, minmay_manual_mess,
          uniq_robin

Skill      XL: |  1  2  3  4 |
---------------+-------------+-----
Dodging        | 3 4 |  4.7
Polearms       | 1 3 |  3.6
Spellcasting   | 3 |  3.3
Stealth        | |  2.1
Summonings     | |  4.9

Action                   |  1- 3 |  4- 6 || total
-------------------------+-------+-------++-------
Melee: Unarmed           |    15 |       ||    15
       Whip              |     8 |       ||     8
       Spear             |    59 |   118 ||   177
 Cast: Summon Small Mamm |    10 |       ||    10
       Call Imp          |     8 |    25 ||    33
 Stab: Sleeping          |     6 |     7 ||    13
       Distracted        |     1 |       ||     1
Armor: Robe              |    17 |    16 ||    33
Dodge: Dodged            |    47 |    68 ||   115

Table legend: (Time is in decaauts)
 A = Elapsed time spent in this place.
 B = Non-inter-level travel time spent in this place.
 C = Inter-level travel time spent in this place.
 D = Time resting spent in this place.
 E = Time spent auto-exploring this place.
 F = Levels seen in this place.
 G = Mean time per level.
                   A        B        C        D        E       F      G
               +--------+--------+--------+--------+--------+-----+--------+
         Total |   5195 |   5125 |     70 |    722 |   3655 |   4 | 1298.8 |
       Dungeon |   5195 |   5125 |     70 |    722 |   3655 |   4 | 1298.8 |
               +--------+--------+--------+--------+--------+-----+--------+

Top non-repeatable levels by time:
     D:3: 2030 daAuts
     D:1: 1832 daAuts
     D:2: 1300 daAuts
     D:4: 32 daAuts
